 Dungeon Crawl Stone Soup version 0.28-a0-1143-gcf6077d4cc (webtiles) character file.

Game seed: 10510309912685793128

3343 siradein the Ducker (level 9, -1/71 HPs)
             Began as a Vampire Fighter on Dec 13, 2021.
             Was an Initiate of Yredelemnul.
             Slain by a wyvern (10 damage)
             ... on level 9 of the Dungeon on Dec 14, 2021.
             The game lasted 00:42:39 (8366 turns).

siradein the Ducker (Vampire Fighter)               Turns: 8366, Time: 00:42:40

Health: -1/71      AC:  9    Str: 19    XL:     9   Next: 72%
Magic:  9/9        EV: 15    Int: 10    God:    Yredelemnul [......]
Gold:   101        SH: 11    Dex: 20    Spells: 8/8 levels left

rFire   + . .      SeeInvis +   C - +1 falchion (vamp)
rCold   . . .      Faith    .   z - +0 kite shield
rNeg    . . .      Spirit   .   g - +3 leather armour {rF+}
rPois   .          Reflect  .   e - +0 helmet
rElec   .          Harm     .   (no cloak)
rCorr   .          Rampage  .   x - +1 pair of gloves
Will    .....                   (no boots)
Stlth   +.........              G - amulet of the acrobat
HPRegen 0.41/turn               d - +6 ring of dexterity
MPRegen 0.11/turn               j - ring of flight

@: flying, healing quickly
A: alive, fangs 3, see invisible, vampiric 2
a: Exsanguinate, Renounce Religion, Recall Undead Harvest


You were on level 9 of the Dungeon.
You worshipped Yredelemnul.
Yredelemnul was noncommittal.
You visited 2 branches of the dungeon, and saw 10 of its levels.
You also visited: Sewer.

You collected 339 gold pieces.
You spent 238 gold pieces at shops.

Inventory:

Hand Weapons
 a - a +0 long sword
 r - a +2 dagger of venom
 C - a +1 vampiric falchion (weapon)
Missiles
 p - 2 curare-tipped darts
 q - 40 poisoned darts (quivered)
 F - a throwing net
Armour
 e - a +0 helmet (worn)
 g - a +3 leather armour of fire resistance (worn)
 x - a +1 pair of gloves (worn)
 z - a +0 kite shield (worn)
Jewellery
 d - a +6 ring of dexterity (left hand)
 j - a ring of flight (right hand)
 n - a ring of wizardry
 E - a ring of wizardry
 G - an amulet of the acrobat (around neck)
Wands
 c - a wand of flame (7)
 i - a wand of polymorph (8)
 D - a wand of digging (5)
Scrolls
 f - a scroll of fog {unknown}
 h - 2 scrolls of teleportation
 k - 2 scrolls of enchant weapon
 l - a scroll of brand weapon {unknown}
 y - a scroll of summoning {unknown}
Potions
 b - 5 potions of curing
 m - 2 potions of attraction {unknown}
 o - 3 potions of haste {unknown}
 s - 2 potions of invisibility {unknown}
 t - 4 potions of might
 u - 3 potions of cancellation {unknown}
 v - 3 potions of heal wounds {unknown}
 w - 2 potions of brilliance {unknown}
 A - 2 potions of resistance {unknown}
 B - 2 potions of lignification
 H - a potion of mutation


   Skills:
 + Level 6.7 Fighting
 + Level 7.1 Long Blades
 - Level 2.4 Armour
 + Level 7.3 Dodging
 + Level 6.8 Shields
 + Level 1.0 Invocations
 + Level 1.2 Evocations


You had 8 spell levels left.
You didn't know any spells.
Your spell library contained the following spells:

 Spells                   Type           Power      Damage    Failure   Level
 Animate Skeleton         Necr           0%         N/A       78%         1
 Magic Dart               Conj           0%         1d3       78%         1
 Pain                     Necr           0%         1d4       78%         1
 Searing Ray              Conj           0%         2d4       89%         2
 Vampiric Draining        Necr           0%         2d6       98%         3
 Fulminant Prism          Conj/Hex       0%         3d6       100%        4
 Hailstorm                Conj/Ice       0%         3d3       100%        4
 Ice Form                 Ice/Tmut       0%         N/A       100%        4
 Simulacrum               Ice/Necr       0%         N/A       100%        6


Dungeon Overview and Level Annotations

Branches:
Dungeon (9/15)             Temple (1/1) D:7           Sewer (visited)
   Lair: D:8-11         Orc: D:9-12

Altars:
Ashenzari
Cheibriados
Dithmenos
Elyvilon
Fedhas
Gozag
Hepliaklqana
Kikubaaqudgha
Makhleb
Nemelex Xobeh
Okawaru
Qazlal
Ru
Sif Muna
Uskayaw
Vehumet
Wu Jian
Xom
Yredelemnul
Zin
The Shining One

Shops:
D:2 [   D:8 *


Innate Abilities, Weirdness & Mutations

Your natural rate of healing is accelerated.
You have razor-sharp teeth.
You have supernaturally acute eyesight. (SInv)
You are afflicted with vampirism and can become a bat while bloodless.


Message History

The gnoll hits your hound zombie with a +0 club.
The wyvern bites your hound zombie.
Your jackal zombie misses the wyvern.
You are too injured to fight recklessly!
Unknown command.
You barely miss the wyvern.
The wyvern is heavily wounded.
Your hound zombie bites the wyvern but does no damage.
The wyvern closely misses you.
The gnoll closely misses your hound zombie.
Your jackal zombie bites the wyvern but does no damage.
Your hound zombie closely misses the wyvern.
The wyvern bites you!
* * * LOW HITPOINT WARNING * * *
Your jackal zombie bites the wyvern but does no damage.
The gnoll hits your hound zombie with a +0 club!
Your hound zombie closely misses the wyvern.
The wyvern bites you but does no damage.
You feel a bloodthirsty glee!
C - a +1 vampiric falchion (weapon)
Your jackal zombie bites the wyvern but does no damage.
The gnoll hits your hound zombie with a +0 club!
Your hound zombie is destroyed!
You hit the wyvern.
You feel better.
The wyvern is severely wounded.
The wyvern bites you.
* * * LOW HITPOINT WARNING * * *
Your jackal zombie completely misses the wyvern.
You block the gnoll's attack. The wyvern misses you.
You closely miss the wyvern.
The wyvern is severely wounded.
The wyvern bites you but does no damage.
Your jackal zombie barely misses the wyvern.
You block the gnoll's attack. The gnoll barely misses you.
Your jackal zombie misses the wyvern.
The wyvern bites you!
* * * LOW HITPOINT WARNING * * *
You hit the wyvern but do no damage.
The wyvern is severely wounded.
The gnoll closely misses you. The wyvern bites you!
You die...
Yredelemnul claims you as an undead slave.

..# #..### ####..##..
......##.################
.........................
................@lZ....<.
.....>...........gg..!...
.............#####.......
............## #......
...........## ......
####.......# ....##
#.......# ...# #.....#.#
...# #.....#.# ..#


You could see a wyvern (ally target), 2 gnolls and a friendly jackal zombie.

Vanquished Creatures
  A hornet (D:8)
  Sigmund (D:2)
  A wraith (D:5)
  Edmund (D:6)
  A water moccasin (D:6)
  A black bear (D:5)
  2 ice beasts (D:6)
  2 sky beasts
  2 ogres (D:4)
  A wolf (D:9)
  4 kobold brigands (Sewer)
  2 bullfrogs (D:7)
  2 scorpions
  A water moccasin zombie (D:5)
  A wyvern zombie (D:7)
  4 wights
  A water moccasin skeleton (D:5)
  3 howler monkeys
  2 centaur zombies (D:9)
  A hound (D:9)
  4 jellies
  2 orc priests
  4 iguanas
  5 orc wizards
  A hound skeleton (D:4)
  A howler monkey zombie (D:7)
  3 gnolls (D:9)
  7 adders
  5 river rats (Sewer)
  A shadow imp (D:6)
  A white imp (D:7)
  An ufetubus (D:5)
  An adder skeleton (D:4)
  2 worms (D:2)
  2 dart slugs
  23 orcs
  11 endoplasms
  3 giant cockroaches
  10 hobgoblins
  9 jackals
  2 quokkas
  12 ball pythons
  6 bats
  5 frilled lizards
  6 goblins
  16 kobolds
  25 rats
202 creatures vanquished.

Vanquished Creatures (collateral kills)
  An orc warrior (D:8)
  An orc priest (D:8)
  A shadow imp (D:8)
  A white imp (D:8)
  2 orcs (D:8)
6 creatures vanquished.

Vanquished Creatures (others)
  A hound zombie (D:9)
  4 orc zombies
  A spectral white imp (D:8)
  A gnoll zombie (D:9)
  A jackal zombie (D:9)
8 creatures vanquished.

Grand Total: 216 creatures vanquished

Notes
Turn   | Place    | Note
-------+----------+-------------------------------------------
     0 | D:1      | siradein the Vampire Fighter began the quest for the Orb.
     0 | D:1      | Reached XP level 1. HP: 17/17 MP: 1/1
   128 | D:1      | Reached XP level 2. HP: 23/23 MP: 2/2
   201 | D:1      | Reached skill level 1 in Dodging
   591 | D:2      | Found a faded altar of an unknown god.
   627 | D:2      | Noticed Sigmund
   634 | D:2      | Killed Sigmund
   635 | D:2      | Gained mutation: You are afflicted with vampirism and can
                  | become a bat while bloodless. [Vampire growth]
   635 | D:2      | Reached XP level 3. HP: 23/29 MP: 3/3
   635 | D:2      | Reached XP level 4. HP: 29/36 MP: 4/4
   635 | D:2      | Reached XP level 5. HP: 33/41 MP: 5/5
   871 | D:2      | Found Zesell's Antique Armour Emporium.
  1439 | D:3      | Found a glowing drain.
  1459 | D:3      | Reached XP level 6. HP: 41/48 MP: 6/6
  1474 | Sewer    | Entered a sewer
  2130 | Sewer    | Reached XP level 7. HP: 33/55 MP: 7/7
  2606 | D:3      | Found a broken altar of Ashenzari.
  3302 | D:4      | Found a sparkling altar of Nemelex Xobeh.
  3310 | D:4      | Found an opulent altar of Gozag.
  3852 | D:2      | Bought a glowing leather armour for 95 gold pieces
  4119 | D:5      | Entered Level 5 of the Dungeon
  4143 | D:5      | Reached skill level 5 in Fighting
  4143 | D:5      | Reached skill level 5 in Shields
  4143 | D:5      | Reached XP level 8. HP: 58/62 MP: 8/8
  4166 | D:5      | Reached skill level 5 in Long Blades
  4166 | D:5      | Reached skill level 5 in Dodging
  4376 | D:5      | Found an ornate altar of the Wu Jian Council.
  5800 | D:6      | Noticed Edmund
  5916 | D:6      | Killed Edmund
  6195 | D:6      | Reached XP level 9. HP: 59/69 MP: 9/9
  6972 | D:7      | Found a staircase to the Ecumenical Temple.
  6983 | Temple   | Entered the Ecumenical Temple
  7083 | Temple   | Became a worshipper of Yredelemnul the Dark
  7410 | D:8      | Found a shadowy altar of Dithmenos.
  7672 | D:8      | Reached * piety under Yredelemnul
  7763 | D:8      | Reached ** piety under Yredelemnul
  7767 | D:8      | Found Wajeq's Changing Room.
  8082 | D:8      | Bought a potion of lignification for 39 gold pieces
  8082 | D:8      | Bought a potion of mutation for 104 gold pieces
  8246 | D:9      | Reached skill level 1 in Evocations
  8252 | D:9      | Reached skill level 1 in Invocations
  8366 | D:9      | Slain by a wyvern

Illustrated notes

Levels and vault maps discovered:
D:1:      amcnicky_arrival_single_pillar, layout_basic, kennysheep_another_room
D:2:      layout_basic, ebering_ecumenical_altar_sacrificial, serial_shops,
          shop, lemuel_flame_loot_1, uniq_sigmund
D:3:      layout_basic, mainiacjoe_overflow_24_doors,
          cheibrodos_sewer_entry_sluice, chequers_serial_rivers_micro_b
D:4:      layout_gridville, nicolae_overflow_hidden_temple,
          minmay_stone_trees_medium, lightli_corner_chamber
D:5:      layout_basic, nicolae_wu_jian_wuxing_cycle,
          nicolae_elevator_lobby_plus
D:6:      layout_loops_ring, uniq_edmund
D:7:      layout_rooms, minmay_temple_entry_stoned_glass
D:8:      layout_cave_pools, nicolae_dithmenos_through_a_glass_darkly,
          grunt_ministairs_15, nicolae_transmutations_shop,
          nicolae_concentric_dashed_squares_wild
D:9:      layout_cross, erik_orc_3, serial_gnoll_camp, gnoll_camp_mini_doghouse,
          gnoll_camp_mini_house, gnoll_camp_mini_basic, gnoll_camp_mini_shop
Temple:   eino_temple_scatter_basement

Skill      XL: |  1  2  3  4  5  6  7  8  9 |
---------------+----------------------------+-----
Dodging        | 2 3 4 6 7 |  7.3
Shields        | 3 4 5 6 |  6.8
Fighting       | 3 4 5 6 |  6.7
Long Blades    | 3 4 6 7 |  7.1
Evocations     | 1 |  1.2
Invocations    | 1 |  1.0
Armour         | |  2.4

Action                   |  1- 3 |  4- 6 |  7- 9 || total
-------------------------+-------+-------+-------++-------
Melee: Long sword        |    67 |   193 |   341 ||   601
       Bite              |     8 |    31 |    81 ||   120
       Dagger            |       |    17 |    33 ||    50
       Falchion          |       |       |    94 ||    94
Throw: Dart              |       |       |    19 ||    19
Invok: Recall Undead Har |       |       |     1 ||     1
  Use: Potion            |     1 |       |       ||     1
       Scroll            |       |       |     6 ||     6
 Stab: Sleeping          |       |       |     2 ||     2
       Distracted        |       |       |     1 ||     1
Armor: Scale mail        |    16 |       |       ||    16
       Ring mail         |    10 |    94 |    23 ||   127
       Leather armour    |       |       |    75 ||    75
Dodge: Dodged            |    27 |   130 |   189 ||   346
Block: Buckler           |    24 |    83 |    41 ||   148
       Kite shield       |       |       |   195 ||   195

Table legend: (Time is in decaauts)
 A = Elapsed time spent in this place.
 B = Non-inter-level travel time spent in this place.
 C = Inter-level travel time spent in this place.
 D = Time resting spent in this place.
 E = Time spent auto-exploring this place.
 F = Levels seen in this place.
 G = Mean time per level.
                   A        B        C        D        E       F      G
               +--------+--------+--------+--------+--------+-----+--------+
         Total |   8543 |   8148 |    395 |    424 |   5403 |  11 |  776.6 |
       Dungeon |   7290 |   6895 |    395 |    304 |   4668 |   9 |  810.0 |
        Temple |    240 |    240 |      0 |      0 |    185 |   1 |  240.0 |
         Sewer |   1012 |   1012 |      0 |    120 |    549 |   1 | 1012.0 |
               +--------+--------+--------+--------+--------+-----+--------+

Top non-repeatable levels by time:
     D:6: 1308 daAuts
     D:5: 1216 daAuts
   Sewer: 1012 daAuts
     D:3: 981 daAuts
     D:2: 808 daAuts
     D:4: 797 daAuts
     D:8: 761 daAuts
     D:1: 609 daAuts
     D:7: 592 daAuts
  Temple: 240 daAuts
     D:9: 214 daAuts
